 Dungeon Crawl Stone Soup version 0.32-a0-571-gec57dfcd37 (webtiles) character file.

Game seed: 13503373993949644073

143 BeKind the Trooper (level 5, -2/47 HPs)
             Began as a Minotaur Berserker on Mar 1, 2024.
             Was a Follower of Trog.
             Incinerated by a bombardier beetle (6 damage)
             ... with a burning spray
             ... on level 4 of the Dungeon.
             The game lasted 00:04:16 (2712 turns).

BeKind the Trooper (Minotaur Berserker)             Turns: 2712, Time: 00:04:16

Health: -2/47      AC:  7    Str: 23    XL:     5   Next: 4%
Magic:  4/4        EV: 11    Int:  4    God:    Trog [*.....]
Gold:   169        SH:  0    Dex: 10    Spells: 4/4 levels left

rFire   . . .        a - +0 falchion
rCold   . . .        (no shield)
rNeg    . . .        j - +0 ring mail
rPois   .            (helmet restricted)
rElec   .            l - +0 cloak
rCorr   .            (no gloves)
SInv    .            (no boots)
Will    .....        (no amulet) Stlth
                     (no ring)
HPRegen 0.27/turn    (no ring)
MPRegen 0.09/turn

%: no passive effects
@: on fire, on berserk cooldown, attractive, slowed, glowing, very slow
A: horns 2, retaliatory headbutt
a: Renounce Religion, Berserk


You were on level 4 of the Dungeon.
You worshipped Trog.
Trog was aware of your devotion.
You visited 1 branch of the dungeon, and saw 4 of its levels.

You collected 169 gold pieces.

Inventory:

Hand Weapons
 a - a +0 falchion (weapon)
Armour
 b - a +0 animal skin
 j - a +0 ring mail (worn)
 l - a +0 cloak (worn)
Jewellery
 r - a +6 ring of strength
Scrolls
 f - a scroll of revelation {unknown}
 g - 4 scrolls of identify {unknown}
 h - a scroll of amnesia {unknown}
 k - a scroll of enchant weapon {unknown}
 m - a scroll of noise {unknown}
 n - a scroll of fear {unknown}
 p - a scroll of teleportation {unknown}
 q - a scroll of blinking {unknown}
Potions
 d - a potion of brilliance {unknown}
 e - 5 potions of curing {unknown}
 i - a potion of degeneration {unknown}
 o - 2 potions of resistance {unknown}


   Skills:
 + Level 4.7 Fighting
 + Level 4.6 Long Blades
 + Level 3.7 Armour
 + Level 3.4 Dodging


You had 4 spell levels left.
You didn't know any spells.
Your spell library was empty.

Dungeon Overview and Level Annotations

Branches:
Dungeon (4/15)
 Temple: D:4-7

Altars:
Gozag

Shops:
D:1 (   D:3 =

Annotations:
D:3 2 transporters, Splishie's ghost, amateur GnSh


Innate Abilities, Weirdness & Mutations

You have a pair of horns on your head.
You reflexively headbutt those who attack you in melee.


Message History

The bombardier beetle is almost dead.
The bombardier beetle sprays incendiary fluid at you.
The burning spray hits you.
You are covered in liquid fire!
You closely miss the bombardier beetle.
Your headbutt misses the bombardier beetle.
The bombardier beetle is almost dead.
The liquid fire burns you!
You slash the bombardier beetle!
You kill the bombardier beetle!
Trog accepts your kill. The liquid fire burns you!
You have reached level 5!
You are on fire!
You are on fire!
You are on fire!
The liquid fire burns you!
You feel a strong urge to attack something.
The liquid fire burns you! The liquid fire burns you!
You are no longer berserk.
You are exhausted.
You feel yourself slow down. The liquid fire burns you!
The liquid fire burns you! The liquid fire burns you!
The liquid fire burns you! The liquid fire burns you!
The liquid fire burns you!
* * * LOW HITPOINT WARNING * * *
The liquid fire burns you!
* * * LOW HITPOINT WARNING * * *
The liquid fire burns you!
* * * LOW HITPOINT WARNING * * *
The liquid fire burns you!
* * * LOW HITPOINT WARNING * * *
It was a potion of attraction.
You feel attractive to monsters. The liquid fire burns you!
You die...

#####.........#
[.....$.......#
#..#.........#
#...[.......#
#..........#
#..........#
#..........#
##...<.[....#
#.....@...###
##......†..#
#........[.#
#...........#
............#
.............#
#..........#.#
#..............
.<#.............


There were no monsters in sight!

Vanquished Creatures
  A bombardier beetle (D:4)
  Crazy Yiuf (D:2)
  3 adders
  2 dart slugs (D:1)
  2 ribbon worms
  An orc (D:4)
  6 ball pythons
  6 endoplasms
  8 goblins
  3 hobgoblins
  2 quokkas
  3 bats
  2 frilled lizards
  2 kobolds
  4 rats
46 creatures vanquished.

Notes
Turn   | Place    | Note
-------+----------+-------------------------------------------
     0 | D:1      | BeKind the Minotaur Berserker began the quest for the Orb.
     0 | D:1      | Reached XP level 1. HP: 19/19 MP: 0/0
   159 | D:1      | Reached XP level 2. HP: 20/27 MP: 1/1
   341 | D:1      | Found Genuis's Antique Weapon Emporium.
   766 | D:2      | Reached XP level 3. HP: 32/33 MP: 2/2
   939 | D:2      | Found a runed translucent door.
   940 | D:2      | Noticed Crazy Yiuf
   948 | D:2      | Killed Crazy Yiuf
   949 | D:2      | Reached XP level 4. HP: 40/40 MP: 3/3
  1475 | D:3      | Found an opulent altar of Gozag.
  1642 | D:3      | Found Efoyczof's Jewellery Shop.
  1783 | D:3      | Found a faded altar of an unknown god.
  1803 | D:3      | Found a transporter.
  1804 | D:3      | Found a transporter.
  1880 | D:3      | Noticed Splishie's ghost (amateur GnSh)
  2255 | D:4      | Reached ** piety under Trog
  2700 | D:4      | Reached XP level 5. HP: 47/47 MP: 4/4
  2712 | D:4      | Incinerated by a bombardier beetle

Illustrated notes

Levels and vault maps discovered:
D:1:      lemuel_arrival_broad_hall, layout_basic, serial_shops,
          nicolae_shop_trees
D:2:      layout_basic, uniq_crazy_yiuf_cottage
D:3:      layout_basic, lemuel_round_altar, serial_shops,
          nicolae_shop_gaudy_bauble, gammafunk_ghost_gnarly_gnolls,
          hellmonk_ecumenical_altar_leap_of_faith, hangedman_decor_push
D:4:      layout_rooms, gammafunk_temple_overflow_claw, minmay_shop_grid_forest

Skill      XL: |  1  2  3 |
---------------+----------+-----
Long Blades    | 4 |  4.6
Fighting       | 4 |  4.7
Armour         | 3 |  3.7
Dodging        | 3 |  3.4

Action                     |  1- 3 |  4- 6 || total
---------------------------+-------+-------++-------
  Melee: Falchion          |    62 |    44 ||   106
         Headbutt          |     3 |     6 ||     9
 Invoke: Berserk           |     3 |     2 ||     5
    Use: Potion            |       |     1 ||     1
 Armour: Animal skin       |    16 |       ||    16
         Leather armour    |     9 |       ||     9
         Ring mail         |    16 |    25 ||    41
  Dodge: Dodged            |    39 |    21 ||    60

Table legend: (Time is in decaauts)
 A = Elapsed time spent in this place.
 B = Non-inter-level travel time spent in this place.
 C = Inter-level travel time spent in this place.
 D = Time resting spent in this place.
 E = Time spent auto-exploring this place.
 F = Levels seen in this place.
 G = Mean time per level.
                   A        B        C        D        E       F      G
               +--------+--------+--------+--------+--------+-----+--------+
         Total |   2760 |   2670 |     90 |    517 |   1808 |   4 |  690.0 |
       Dungeon |   2760 |   2670 |     90 |    517 |   1808 |   4 |  690.0 |
               +--------+--------+--------+--------+--------+-----+--------+

Top non-repeatable levels by time:
     D:3: 1237 daAuts
     D:1: 762 daAuts
     D:2: 722 daAuts
     D:4: 37 daAuts
